 Dungeon Crawl Stone Soup version 0.28-a0-697-g47f3eba078 (webtiles) character file.

Game seed: 13268877804958525763

46 KoroneIsBestGirl the Chiller (level 3, -2/24 HPs)
             Began as a Barachi Ice Elementalist on Oct 23, 2021.
             Slain by Natasha (7 damage)
             ... on level 2 of the Dungeon.
             The game lasted 00:02:36 (1945 turns).

KoroneIsBestGirl the Chiller (BaIE)                 Turns: 1945, Time: 00:02:36

Health: -2/24      AC:  4    Str:  9    XL:     3   Next: 66%
Magic:  6/7        EV: 12    Int: 16    God:
Gold:   49         SH:  0    Dex: 12    Spells: 6/7 levels left

rFire   . . .      SeeInvis +   e - +1 short sword
rCold   . . .      Faith    .   (no shield)
rNeg    . . .      Spirit   .   a - +0 robe
rPois   .          Reflect  .   h - +1 helmet {SInv}
rElec   .          Harm     .   (no cloak)
rCorr   .          Rampage  .   (no gloves)
Will    .....                   (no boots)
Stlth   ++........              (no amulet)
HPRegen 0.08/turn               (no ring)
MPRegen 0.10/turn               (no ring)

@: slowed, very slow
A: amphibious, slowness 1, strong legs 1, +LOS
a: Hop


You were on level 2 of the Dungeon.
You visited 1 branch of the dungeon, and saw 2 of its levels.

You collected 49 gold pieces.

Inventory:

Hand Weapons
 e - a +1 short sword (weapon)
Armour
 a - a +0 robe (worn)
 h - a +1 helmet of see invisible (worn)
Scrolls
 c - a scroll of enchant weapon
 j - a scroll of enchant armour
Potions
 b - 4 potions of flight {unknown}
 d - 2 potions of might {unknown}
 i - a potion of lignification {unknown}


   Skills:
 + Level 2.8 Dodging
 - Level 1.7 Stealth
 + Level 2.7 Spellcasting
 * Level 5.6 Ice Magic


You had 6 spell levels left.
You knew the following spells:

 Your Spells              Type           Power      Damage    Failure   Level
a - Freeze                Ice            80%        1d9       1%          1

Your spell library contained the following spells:

 Spells                   Type           Power      Damage    Failure   Level
 Frozen Ramparts          Ice            40%        1d6       5%          3
 Ozocubu's Armour         Ice            20%        N/A       5%          3
 Hailstorm                Conj/Ice       11%        3d5       52%         4


Dungeon Overview and Level Annotations

Branches:
Dungeon (2/15)

Altars:

Annotations:
D:2 Natasha


Innate Abilities, Weirdness & Mutations

You are amphibious.
You cover ground slowly.
You can hop short distances.
You have an extended range of vision and can be seen from far away.


Message History

This spell is quite dangerous to cast!
Memorise Frozen Ramparts, consuming 3 spell levels and leaving 3?
Natasha claws you!
Your memorisation is interrupted.
Blink to where?
Press: ? - help, Dir - move target
As you read the scroll labelled FEPTUHU YRODYV, it crumbles to dust.
It was a scroll of blinking.
This spell is quite dangerous to cast!
Memorise Frozen Ramparts, consuming 3 spell levels and leaving 3?
Natasha casts a spell at you.
Your memorisation is interrupted.
The magic dart hits you!
This spell is quite dangerous to cast!
Memorise Frozen Ramparts, consuming 3 spell levels and leaving 3?
The bat hits you but does no damage.
Your memorisation is interrupted.
Okay, then.
Casting: Freeze (safe; 1% risk of failure)
Confirm with . or Enter, or press ? or * to list all spells.
Aiming: Freeze (safe; 1% risk of failure)
Press: ? - help, Shift-Dir - straight line, f - bat
Aim: a bat You freeze the bat.
You kill the bat!
The iron imp disappears in a puff of smoke!
Natasha howls an incantation.
Natasha shimmers violently.
Natasha stares at you and mumbles some strange words.
The magic dart hits you.
* * * LOW HITPOINT WARNING * * *
As you read the scroll labelled YCVOOPS CUFA, it crumbles to dust.
It is a scroll of identify.
j - a scroll of enchant armour Natasha casts a spell at you.
You feel as though you will be slow longer.
As you read the scroll labelled KOITITHREYTOU, it crumbles to dust.
It is a scroll of enchant weapon.
Your +0 short sword glows red for a moment.
Natasha howls an incantation.
You feel disoriented. Natasha claws you!
You die...

..........†....# .......#
..<)........>..# .......#
..†............# ..J....#
...............# #####w......#
...............# #... .......#
..............## ##w###....[..#
.#.....#.....######............#
################.hSg.###########
#....@###.# # #.##### #.#### #
#####....# .....# ##........#
...### ########..####...#
##...###................#
#..<#.######.#####...#
######...#####..# ....#
..†.....)...#..## ....#


You could see a worm, Natasha, a hobgoblin and a ball python.

Vanquished Creatures
  2 dart slugs (D:1)
  An endoplasm (D:1)
  2 giant cockroaches (D:1)
  4 goblins
  7 hobgoblins
  4 jackals (D:1)
  4 ball pythons
  7 bats
  A frilled lizard (D:1)
  3 kobolds
  2 rats (D:1)
37 creatures vanquished.

Notes
Turn   | Place    | Note
-------+----------+-------------------------------------------
     0 | D:1      | KoroneIsBestGirl the Barachi Ice Elementalist began the
                  | quest for the Orb.
     0 | D:1      | Reached XP level 1. HP: 13/13 MP: 3/3
   275 | D:1      | Reached skill level 5 in Ice Magic
   282 | D:1      | Reached XP level 2. HP: 16/19 MP: 0/5
   767 | D:1      | Reached XP level 3. HP: 24/24 MP: 4/6
  1934 | D:2      | Noticed Natasha
  1945 | D:2      | Slain by Natasha

Illustrated notes

Levels and vault maps discovered:
D:1:      evilmike_arrival_crescent, layout_loops_ring, serial_bayou,
          serial_bayou_pond_e, serial_bayou_pond_e, serial_bayou_shore_b,
          serial_bayou_pond_e, serial_bayou_crossing, serial_bayou_pond_d,
          skrybe_limestone_x, minmay_misc_feat_doors
D:2:      layout_rooms, uniq_natasha

Skill      XL: |  1 |
---------------+----+-----
Ice Magic      | 5 |  5.6
Dodging        | |  2.8
Stealth        | |  1.7
Spellcasting   | |  2.7

Action                   || total
-------------------------++-------
Melee: Short sword       ||    35
       Unarmed           ||     6
 Cast: Freeze            ||    44
  Use: Scroll            ||     3
Armor: Robe              ||    27
Dodge: Dodged            ||    63

Table legend: (Time is in decaauts)
 A = Elapsed time spent in this place.
 B = Non-inter-level travel time spent in this place.
 C = Inter-level travel time spent in this place.
 D = Time resting spent in this place.
 E = Time spent auto-exploring this place.
 F = Levels seen in this place.
 G = Mean time per level.
                   A        B        C        D        E       F      G
               +--------+--------+--------+--------+--------+-----+--------+
         Total |   2168 |   1875 |    293 |      0 |   1598 |   2 | 1084.0 |
       Dungeon |   2168 |   1875 |    293 |      0 |   1598 |   2 | 1084.0 |
               +--------+--------+--------+--------+--------+-----+--------+

Top non-repeatable levels by time:
     D:1: 1730 daAuts
     D:2: 437 daAuts
